 Dungeon Crawl Stone Soup version 0.29.0-3-gbb0933ed62 (webtiles) character file.

Game seed: 17018348326359552454

384 stipulation the Ruffian (level 6, 0/51 HPs)
             Began as a Draconian Transmuter on Aug 26, 2022.
             Slain by an iguana (7 damage)
             ... on level 4 of the Dungeon.
             The game lasted 00:08:25 (4776 turns).

stipulation the Ruffian (Draconian Transmuter)      Turns: 4776, Time: 00:08:25

Health: 0/51       AC:  6    Str: 14    XL:     6   Next: 47%
Magic:  9/10       EV: 12    Int: 14    God:
Gold:   153        SH:  0    Dex: 17    Spells: 7/10 levels left

rFire   . . .      SeeInvis .     - Unarmed
rCold   . . .      Faith    .   (no shield)
rNeg    . . .      Spirit   .   (body armour unavailable)
rPois   .          Reflect  .   (helmet currently unavailable)
rElec   .          Harm     .   (no cloak)
rCorr   .          Rampage  .   (no gloves)
Will    .....                   (boots currently unavailable)
Stlth   ++........              (no amulet)
HPRegen 0.17/turn               k - +6 ring of dexterity
MPRegen 0.12/turn               (no ring)

@: appendages
A: horns 2, talons 2, AC +6, unfitting armour, cold-blooded
a: End Transformation


You were on level 4 of the Dungeon.
You had temporarily grown beastly horns and talons.
You visited 1 branch of the dungeon, and saw 4 of its levels.

You collected 153 gold pieces.

Inventory:

Armour
 m - a +1 hat (melded)
Jewellery
 k - a +6 ring of dexterity (left hand)
 u - a ring of willpower
Scrolls
 b - 3 scrolls of teleportation {unknown}
 d - 2 scrolls of vulnerability {unknown}
 h - 2 scrolls of enchant armour {unknown}
 i - 5 scrolls of identify {unknown}
 l - a scroll of poison {unknown}
 n - a scroll of brand weapon {unknown}
 o - a scroll of enchant weapon {unknown}
 p - a scroll of fear {unknown}
 s - a scroll of torment {unknown}
Potions
 a - 3 potions of lignification
 c - a potion of berserk rage {unknown}
 e - a potion of degeneration {unknown}
 f - a potion of heal wounds {unknown}
 g - 3 potions of curing {unknown}
 j - a potion of mutation {unknown}
 q - a potion of flight {unknown}
 r - a potion of magic {unknown}
 t - a potion of brilliance {unknown}
 v - a potion of resistance {unknown}


   Skills:
 - Level 3.0 Fighting
 - Level 2.0 Dodging
 - Level 5.0 Unarmed Combat
 + Level 2.6 Spellcasting
 + Level 4.4 Transmutations


You had 7 spell levels left.
You knew the following spells:

 Your Spells              Type           Power      Damage    Failure   Level
a - Beastly Appendage     Tmut           28%        N/A       3%          1
b - Wereblood             Tmut           14%        N/A       5%          2

Your spell library contained the following spells:

 Spells                   Type           Power      Damage    Failure   Level
 Necrotise                Necr           4%         1d4       22%         1
 Spider Form              Tmut/Pois      8%         N/A       26%         3
 Vampiric Draining        Necr           1%         2d6       54%         3
 Ice Form                 Ice/Tmut       8%         N/A       65%         4
 Agony                    Necr           1%         N/A       99%         5


Dungeon Overview and Level Annotations

Branches:
Dungeon (4/15)
 Temple: D:4-7

Altars:

Annotations:
D:2 Sigmund


Innate Abilities, Weirdness & Mutations

You have temporarily grown beastly horns and talons.
Your plain brown scales are hard. (AC +6)
You cannot fit into any form of body armour.
You are cold-blooded and may be slowed by cold attacks.


Message History

The iguana is heavily wounded.
Your horns disappear.
Your talons disappear.
Your +1 hat unmelds from your body.
The iguana completely misses you.
You barely miss the iguana.
The iguana is heavily wounded.
The iguana bites you!
You barely miss the iguana.
The iguana is heavily wounded.
The iguana barely misses you.
You hit the iguana.
The iguana is heavily wounded.
The iguana bites you!
You barely miss the iguana.
Your tail-slap misses the iguana.
Your punch misses the iguana.
The iguana is heavily wounded.
The iguana completely misses you.
You closely miss the iguana. You tail-slap the iguana.
The iguana is heavily wounded.
The iguana bites you!
Casting: Beastly Appendage (safe; 3% risk of failure)
Confirm with . or Enter, or press ? or * to list all spells.
You grow a pair of large bovine horns.
Your feet morph into talons.
Your +1 hat melds into your body.
The iguana bites you!
* * * LOW HITPOINT WARNING * * *
You hit the iguana.
The iguana is severely wounded.
The iguana bites you.
* * * LOW HITPOINT WARNING * * *
You completely miss the iguana. You claw the iguana.
You tail-slap the iguana, but do no damage.
The iguana is almost dead.
You barely miss the iguana. Your kick misses the iguana.
Your headbutt misses the iguana.
The iguana is almost dead.
The iguana bites you!
* * * LOW HITPOINT WARNING * * *
You barely miss the iguana. Your kick misses the iguana.
The iguana is almost dead.
The iguana bites you!
You die...

##.####.#..... #.#
#>#####. #.# #.# #. ##'##
#.#####. # ##...###.......
##.# ##.....#########
..... ##.......## ##.#
##.$.)####.........####...
........l@.........+......
......####.........####...
.###. ##.......## ##.. #
##.....## #.. ##...## ###
##'## #.# ####### #.#
#...... ##.## #.#####


You could see an iguana.

Vanquished Creatures
  An ogre (D:4)
  A jelly (D:4)
  An iguana (D:4)
  7 gnolls
  5 adders
  2 worms (D:2)
  4 dart slugs
  5 orcs
  10 bats
  10 endoplasms
  2 giant cockroaches
  9 goblins
  5 hobgoblins
  10 jackals
  13 kobolds
  7 quokkas
  6 ball pythons
  3 frilled lizards
  5 rats
106 creatures vanquished.

Vanquished Creatures (others)
  3 demonic plants (D:1)
3 creatures vanquished.

Grand Total: 109 creatures vanquished

Notes
Turn   | Place    | Note
-------+----------+-------------------------------------------
     0 | D:1      | stipulation the Draconian Transmuter began the quest for
                  | the Orb.
     0 | D:1      | Reached XP level 1. HP: 16/16 MP: 3/3
    65 | D:1      | Reached XP level 2. HP: 10/23 MP: 3/5
   698 | D:1      | Found a faded altar of an unknown god.
   832 | D:1      | Reached XP level 3. HP: 28/29 MP: 4/6
  1336 | D:2      | Reached skill level 4 in Unarmed Combat
  1493 | D:2      | Noticed Sigmund
  1560 | D:2      | Reached XP level 4. HP: 37/38 MP: 7/7
  1563 | D:2      | Learned a level 2 spell: Wereblood
  3297 | D:3      | Reached skill level 5 in Unarmed Combat
  3297 | D:3      | Reached XP level 5. HP: 36/45 MP: 6/8
  4315 | D:4      | Noticed an ogre
  4324 | D:4      | Killed an ogre
  4325 | D:4      | Reached XP level 6. HP: 51/51 MP: 9/9
  4776 | D:4      | Slain by an iguana

Illustrated notes

Levels and vault maps discovered:
D:1:      dreamdust_arrival_sigmund_warning, layout_rooms,
          hellmonk_ecumenical_altar_zigzags, dreamdust_princess_corridor
D:2:      minmay_skewed_foursquare, layout_basic, uniq_sigmund
D:3:      layout_loops_ring
D:4:      layout_loops_corners, minmay_circle_x, uniq_duvessa

Skill      XL: |  1  2  3  4  5 |
---------------+----------------+-----
Dodging        | 2 |  2.0
Fighting       | 2 3 |  3.0
Unarmed Combat | 4 5 |  5.0
Transmutations | 4 |  4.4
Spellcasting   | |  2.6

Action                   |  1- 3 |  4- 6 || total
-------------------------+-------+-------++-------
Melee: Unarmed           |   115 |   151 ||   266
       Kick              |    24 |    34 ||    58
       Headbutt          |    17 |    26 ||    43
       Tailslap          |    17 |    12 ||    29
       Punch             |     1 |     4 ||     5
 Cast: Beastly Appendage |    27 |    37 ||    64
       Wereblood         |       |     3 ||     3
  Use: Potion            |       |     2 ||     2
 Stab: Sleeping          |       |     2 ||     2
Armor: Skin              |    48 |    26 ||    74
Dodge: Dodged            |    87 |    71 ||   158
